 Dungeon Crawl Stone Soup version 0.32-a0-350-g4f4d228785 (webtiles) character file.

Game seed: 2052258942726069522

2991 SharpScales the Caller (level 9, -11/65 HPs)
             Began as a Mummy Summoner on Feb 17, 2024.
             Killed from afar by Maggie (39 damage)
             ... with a bolt of fire
             ... on level 7 of the Dungeon.
             The game lasted 00:12:49 (7117 turns).

SharpScales the Caller (Mummy Summoner)             Turns: 7117, Time: 00:12:50

Health: -11/65     AC:  3    Str: 11    XL:     9   Next: 54%
Magic:  10/20      EV: 18    Int: 24    God:
Gold:   323        SH:  0    Dex: 13    Spells: 15/23 levels left

rFire   x . .        p - +2 dagger (venom)
rCold   + . .        (no shield)
rNeg    + + +        a - +0 robe
rPois   ∞            (no helmet)
rElec   .            (no cloak)
rCorr   .            h - +0 pair of gloves
SInv    .            (no boots)
Will    +....        (no amulet)
Stlth   ++           i - +5 ring of evasion
HPRegen 0.30/turn    j - +6 ring of intelligence
MPRegen 0.17/turn

%: faith
@: mesmerised, inugami summoned
A: cold resistance 1, negative energy resistance 3, torment resistance 2, heat
vulnerability 1, in touch with death 1, no potions, faith
a: no special abilities


You were on level 7 of the Dungeon.
You visited 2 branches of the dungeon, and saw 8 of its levels.

You collected 323 gold pieces.

Inventory:

Hand Weapons
 b - a +0 dagger
 p - a +2 dagger of venom (weapon)
Missiles
 q - a curare-tipped dart
Armour
 a - a +0 robe (worn)
 h - a +0 pair of gloves (worn)
Jewellery
 f - a ring of wizardry
 i - a +5 ring of evasion (left hand)
 j - a +6 ring of intelligence (right hand)
 m - a ring of ice
Wands
 c - a wand of quicksilver (6)
 s - a wand of charming (14)
Scrolls
 d - 3 scrolls of teleportation {@r3}
 e - a scroll of fear
 g - 3 scrolls of poison
 k - 2 scrolls of revelation {@r5}
 l - 2 scrolls of silence {!r}
 n - 3 scrolls of enchant armour {unknown}
 o - a scroll of noise {unknown}
 r - a scroll of enchant weapon {unknown}
 t - a scroll of immolation


   Skills:
 + Level 4.1 Fighting
 + Level 3.8 Dodging
 - Level 1.5 Stealth
 + Level 7.7 Spellcasting
 + Level 7.7 Summonings
 * Level 4.8 Air Magic


You had 15 spell levels left.
You knew the following spells:

 Your Spells              Type           Power      Damage    Failure   Level
c - Call Canine Familiar  Summ           46%        N/A       1%          3
l - Summon Lightning Spi  Summ/Air       39%        N/A       4%          4
s - Summon Small Mammal   Summ           100%       N/A       1%          1

Your spell library contained the following spells:

 Spells                   Type           Power      Damage    Failure   Level
 Call Imp                 Summ           92%        N/A       1%          2
 Shock                    Conj/Air       80%        1d8       2%          1
 Swiftness                Air            32%        N/A       2%          3
 Mercury Vapours          Alch/Air       40%        N/A       3%          2
 Freeze                   Ice            36%        1d5       7%          1
 Airstrike                Air            16%        2d(3-19)  9%          4
 Mephitic Cloud           Conj/Alch/Air  17%        N/A       11%         3
 Summon Blazeheart Golem  Fire/Summ      27%        N/A       14%         4
 Frozen Ramparts          Ice            18%        1d3       21%         3
 Gell's Gravitas          Tloc           9%         N/A       21%         3
 Hailstorm                Conj/Ice       9%         3d6       21%         3
 Teleport Other           Tloc           9%         N/A       21%         3
 Freezing Cloud           Conj/Ice/Air   8%         6-21      67%         5
 Dispersal                Tloc           4%         N/A       100%        6


Dungeon Overview and Level Annotations

Branches:
Dungeon (7/15)             Temple (1/1) D:4

Altars:
Ashenzari
Cheibriados
Makhleb
Nemelex Xobeh
Okawaru
Qazlal
Ru
Trog
Uskayaw
Vehumet
Wu Jian
Yredelemnul

Annotations:
D:4 1 runed translucent door, CipHuK's ghost, amateur DrFE
D:7 Maggie


Innate Abilities, Weirdness & Mutations

You are immune to poison.
Your flesh is cold resistant. (rC+)
You are immune to negative energy. (rN+++)
You are immune to unholy pain and torment.
You are vulnerable to heat. (rF-)
You are in touch with the powers of death.
You do not drink.
You have a special connection with the divine. (Faith)


Message History

There is an open door here.
c - a wand of quicksilver (8);
t - a scroll of immolation
n - 3 scrolls labelled WATRUXU BOQILL (gained 1)
You see here a +0 flail.
You open the door.
There is an open door here.
Maggie is nearby!
Maggie is nearby!
Unknown command.
An electric hum fills the air.
Maggie shouts!
Maggie zaps a wand.
You resist with almost no effort.
An electric hum fills the air.
Your lightning spire disappears in a puff of smoke!
Maggie zaps a wand.
You resist with almost no effort.
Your lightning spire shoots out a bolt of lightning at Maggie!
The bolt of electricity hits Maggie!
Casting: Summon Lightning Spire (dangerous; 4% risk of failure)
Confirm with . or Enter, or press ? or * to list all spells.
You call for your canine familiar and it appears with a howl!
Maggie casts a spell at you. The bolt of fire hits you!!!
The fire burns you terribly!
Ouch! That really hurt!
Aiming: Quicksilver Bolt
Press: ? - help, Q - select action, (/) - cycle Shift-Dir - straight line, f - Maggie
Aim: Maggie, wielding a +2 glaive of flaming, wearing +0 steam dragon scales and carrying a wand of charming (lightly wounded, ally target, 71% to hit)
The bolt of dispelling energy hits Maggie!
Maggie is heavily wounded.
Maggie mumbles some strange words.
Maggie attempts to bespell you!
You are mesmerised by Maggie!
Aiming: Quicksilver Bolt
Press: ? - help, Q - select action, (/) - cycle Shift-Dir - straight line, f/p - Maggie
Aim: Maggie, wielding a +2 glaive of flaming, wearing +0 steam dragon scales and carrying a wand of charming (heavily wounded, mesmerising, ally target, 71% to hit)
The bolt of dispelling energy hits Maggie!
Maggie is severely wounded.
Maggie casts a spell at you. The bolt of fire hits you!!!
The fire burns you terribly!
Ouch! That really hurt!
You die...

.#.....#...#...... #.......#...
.#.....#...#..... #..<....#...
.#.._..'...#.... +.h$....#...
.#.....#...#...# #>......#...
.#.....#...#...#######.......#...
.#######...#...#.............#..#
...........#...#.h.........###..#
#####......'...#...........#.....
##.....#...#@....@.....#.....
#.....#..)'.I...... #.....
#.....#####........ #.....
#...... .######.. #..... #......
. . ###### ######. .. .. .. ...


You could see Maggie (mesmerising, ally target), a friendly lightning spire
(summoned) and a friendly inugami (summoned).

Vanquished Creatures
  A centaur (D:6)
  A scorpion (D:6)
  3 adders
  4 orcs
  2 ball pythons
  2 endoplasms (D:1)
  A goblin (D:1)
  A jackal (D:2)
  3 kobolds
18 creatures vanquished.

Vanquished Creatures (collateral kills)
  Prince Ribbit (D:6)
  Sigmund (D:6)
  4 yaks (D:7)
  2 water moccasins (D:7)
  Duvessa (D:5)
  An orc warrior (D:6)
  A black bear (D:6)
  2 ice beasts
  A phantom (D:4)
  A kobold brigand (D:6)
  A bullfrog (D:7)
  Dowan (D:5)
  2 bombardier beetles
  2 orc priests
  2 gnoll boudas
  3 sleepcaps
  Jessica (D:2)
  9 iguanas
  Terence (D:3)
  3 orc wizards
  10 gnolls
  4 adders
  2 dart slugs
  A ribbon worm (D:3)
  16 orcs
  6 endoplasms
  2 giant cockroaches
  5 goblins
  8 hobgoblins
  6 jackals
  10 kobolds
  2 quokkas
  4 ball pythons
  4 bats
  A frilled lizard (D:2)
  3 rats
124 creatures vanquished.

Vanquished Creatures (others)
  An arcanist (D:3)
1 creature vanquished.

Grand Total: 143 creatures vanquished

Notes
Turn   | Place    | Note
-------+----------+-------------------------------------------
     0 | D:1      | SharpScales the Mummy Summoner began the quest for the Orb.
     0 | D:1      | Reached XP level 1. HP: 13/13 MP: 4/4
   218 | D:1      | Reached XP level 2. HP: 12/19 MP: 3/6
   985 | D:2      | Reached XP level 3. HP: 24/24 MP: 4/7
   994 | D:2      | Learned a level 3 spell: Call Canine Familiar
  1229 | D:2      | Reached XP level 4. HP: 26/30 MP: 4/9
  1496 | D:2      | Noticed Jessica
  1504 | D:2      | Killed Jessica
  2115 | D:3      | Reached XP level 5. HP: 30/35 MP: 7/11
  2202 | D:3      | Found a radiant altar of Vehumet.
  2220 | D:3      | Noticed Terence
  2239 | D:3      | Killed Terence
  2343 | D:3      | Reached skill level 5 in Summonings
  2400 | D:3      | Found a faded altar of an unknown god.
  2423 | D:3      | Found a bloodstained altar of Trog.
  2424 | D:3      | Noticed a wizard
  2429 | D:3      | Killed a wizard
  2481 | D:3      | You fall into a shaft and drop 3 floors!
  2482 | D:6      | Noticed Sigmund
  2509 | D:5      | Entered Level 5 of the Dungeon
  2639 | D:4      | Reached XP level 6. HP: 16/41 MP: 2/13
  2640 | D:4      | Reached skill level 5 in Spellcasting
  2847 | D:4      | Found a broken altar of Ashenzari.
  2851 | D:4      | Saw a vision of the Swamp and the Spider Nest.
  2851 | D:4      | Noticed a pharaoh ant
  2851 | D:4      | Noticed a tarantella
  2851 | D:4      | Noticed a redback
  2851 | D:4      | Noticed a jumping spider
  2851 | D:4      | Noticed a wolf spider
  2851 | D:4      | Noticed a steelbarb worm
  2851 | D:4      | Noticed an eleionoma
  2851 | D:4      | Noticed a torpor snail
  2852 | D:4      | Noticed a redback
  2853 | D:4      | Noticed a jumping spider
  2853 | D:4      | Noticed a bloated husk
  2857 | D:4      | Noticed a tarantella
  2857 | D:4      | Noticed a meliai
  2858 | D:4      | Noticed a culicivora
  3374 | D:4      | Found a runed translucent door.
  3374 | D:4      | Noticed CipHuK's ghost (amateur DrFE)
  3455 | D:4      | Found a staircase to the Ecumenical Temple.
  3471 | Temple   | Entered the Ecumenical Temple
  3692 | D:4      | Reached XP level 7. HP: 45/46 MP: 8/15
  4112 | D:4      | Learned a level 4 spell: Summon Lightning Spire
  4368 | D:5      | Reached skill level 1 in Fighting
  4368 | D:5      | Reached skill level 1 in Air Magic
  4609 | D:5      | Noticed Dowan
  4610 | D:5      | Noticed Duvessa
  4620 | D:5      | Killed Duvessa
  4620 | D:5      | Killed Dowan
  4801 | D:5      | Reached XP level 8. HP: 24/54 MP: 12/17
  5055 | D:6      | Found a basalt altar of Yredelemnul.
  5092 | D:6      | Noticed Prince Ribbit
  5101 | D:6      | Killed Prince Ribbit
  5672 | D:6      | Killed Sigmund
  6243 | D:7      | Reached XP level 9. HP: 64/64 MP: 11/19
  6294 | D:7      | Noticed Maggie
  6705 | D:7      | Found a snail-covered altar of Cheibriados.
  7066 | D:7      | Found an iron altar of Okawaru.
  7117 | D:7      | Killed from afar by Maggie

Illustrated notes

Levels and vault maps discovered:
D:1:      lemuel_arrival_muddy, layout_loops_ring
D:2:      layout_basic, uniq_jessica
D:3:      layout_rooms, trog_wizard, vehumet_crystals, basic_ecumenical_altar,
          minivault_23, st_stairs_4, uniq_terence
D:4:      minmay_opposing_rooms, layout_basic, grunt_ashenzari_visionary
          [grunt_ashenzari_visionary_swamp, grunt_ashenzari_visionary_spider],
          minmay_temple_entry_trees, hellmonk_ghost_happy_afterlife
D:5:      layout_rooms, uniq_duvessa
D:6:      layout_loops_ring, mainiacjoe_overflow_concentric_impassable,
          portal_sewer_entry_a, uniq_sigmund, uniq_prince_ribbit1
D:7:      layout_gridville, amcnicky_altar_gilded, mainiacjoe_overflow_brackets,
          grunt_ministairs_11, amcnicky_mini_rare_corridor_liquid, uniq_maggie
Temple:   grunt_temple_mini_profane

Skill      XL: |  1  2  3  4  5  6  7  8  9 |
---------------+----------------------------+-----
Spellcasting   | 3 4 5 6 7 |  7.7
Summonings     | 4 5 6 7 |  7.7
Fighting       | 1 3 4 |  4.1
Air Magic      | 2 3 4 |  4.8
Dodging        | 2 3 |  3.8
Stealth        | |  1.5

Action                     |  1- 3 |  4- 6 |  7- 9 || total
---------------------------+-------+-------+-------++-------
  Melee: Dagger            |    34 |    65 |    72 ||   171
         Unarmed           |     3 |       |       ||     3
   Cast: Summon Small Mamm |    33 |    61 |    22 ||   116
         Call Canine Famil |     4 |    22 |    29 ||    55
         Summon Lightning  |       |       |    24 ||    24
  Evoke: Wand              |       |       |     2 ||     2
    Use: Scroll            |       |     1 |     5 ||     6
   Stab: Sleeping          |     1 |     1 |       ||     2
         Distracted        |       |     1 |       ||     1
 Armour: Robe              |    21 |    58 |    53 ||   132
  Dodge: Dodged            |    35 |    65 |    83 ||   183

Table legend: (Time is in decaauts)
 A = Elapsed time spent in this place.
 B = Non-inter-level travel time spent in this place.
 C = Inter-level travel time spent in this place.
 D = Time resting spent in this place.
 E = Time spent auto-exploring this place.
 F = Levels seen in this place.
 G = Mean time per level.
                   A        B        C        D        E       F      G
               +--------+--------+--------+--------+--------+-----+--------+
         Total |   7121 |   6822 |    299 |    537 |   5096 |   8 |  890.1 |
       Dungeon |   7063 |   6819 |    244 |    537 |   5096 |   7 | 1009.0 |
        Temple |     57 |      2 |     55 |      0 |      0 |   1 |   57.0 |
               +--------+--------+--------+--------+--------+-----+--------+

Top non-repeatable levels by time:
     D:6: 1326 daAuts
     D:4: 1138 daAuts
     D:2: 1052 daAuts
     D:5: 945 daAuts
     D:1: 930 daAuts
     D:7: 845 daAuts
     D:3: 824 daAuts
  Temple: 57 daAuts
